[ PARTIDA AOE2 · #477832203 ]
UnrankedWei vs Khmer
[ ANÁLISIS DE REPETICIÓN · EXTRAÍDO DE LA PARTIDA GRABADA ]
Feudal
14:08
Castillos
18:05
Imperial
—
| APM promedio | 21.1 |
| APM pico | 39 |
| eAPM promedio | 11.2 |
| Aldeanos / militares | 55 / 0 |
Foco
⚔️ 14.6% · 🌾 85.4%
Fishing Ship ×12
Feudal
12:37
Castillos
16:42
Imperial
—
| APM promedio | 37.7 |
| APM pico | 73 |
| eAPM promedio | 13.5 |
| Aldeanos / militares | 44 / 8 |
Foco
⚔️ 25.7% · 🌾 74.3%
Ballista Elephant ×8 · Fishing Ship ×5
Feudal
12:57
Castillos
20:57
Imperial
—
| APM promedio | 39.8 |
| APM pico | 86 |
| eAPM promedio | 18.0 |
| Aldeanos / militares | 49 / 6 |
Foco
⚔️ 21.6% · 🌾 78.4%
Unknown (2626) ×14 · Fishing Ship ×10 · Plumed Archer ×6
Feudal
13:17
Castillos
20:41
Imperial
—
| APM promedio | 32.3 |
| APM pico | 69 |
| eAPM promedio | 15.3 |
| Aldeanos / militares | 56 / 8 |
Foco
⚔️ 27.1% · 🌾 72.9%
Unknown (2626) ×18 · Fishing Ship ×11 · Fire Galley ×6 · Shrivamsha Rider ×2
Feudal
—
Castillos
—
Imperial
—
| APM promedio | 27.9 |
| APM pico | 46 |
| eAPM promedio | 15.5 |
| Aldeanos / militares | 76 / 0 |
Foco
⚔️ 21.6% · 🌾 78.4%
Fishing Ship ×6
Feudal
15:56
Castillos
20:57
Imperial
—
| APM promedio | 26.7 |
| APM pico | 63 |
| eAPM promedio | 13.7 |
| Aldeanos / militares | 66 / 1 |
Foco
⚔️ 16.9% · 🌾 83.1%
Fishing Ship ×10 · Unknown (2626) ×4 · Galley ×1
Feudal
13:22
Castillos
22:37
Imperial
—
| APM promedio | 29.6 |
| APM pico | 54 |
| eAPM promedio | 14.5 |
| Aldeanos / militares | 70 / 12 |
Foco
⚔️ 26.3% · 🌾 73.7%
Fire Galley ×12 · Fishing Ship ×6 · Unknown (2626) ×3
Feudal
13:39
Castillos
17:18
Imperial
—
| APM promedio | 51.3 |
| APM pico | 98 |
| eAPM promedio | 19.4 |
| Aldeanos / militares | 57 / 24 |
Foco
⚔️ 30.5% · 🌾 69.5%
Janissary ×24 · Fishing Ship ×7
Mapa de la partida
Recursos iniciales + cada clic de construcción. Líneas = muros · curvas = relieve. ◆ oro · ⬟ piedra · ● bayas · ✦ reliquia · ◌ hueco del cierre
Tu base· Abierta — flanco sin cerrar
Base de Asmo· Abierta — hueco de 6t
Base de mikeymazko· Abierta — flanco sin cerrar
Base de hurm0k [PT]· Abierta — hueco de 6t
Base de Sergeantmilan97· Abierta — hueco de 9t
Base de N1ls· Abierta — hueco de 4t
Base de Buhr· Abierta — hueco de 13t
Base de Koby· Abierta — hueco de 13t
Terreno inicial suavizado · ◌ = hueco del cierre detectado · pasá el cursor para detalles
Inputs por minuto
— Ramci - - Asmo
Build order — Ramci
103 acciones detectadas en el replay
| 0:34 | Construir | Dock |
| 0:45 | Construir | Town Center |
| 1:25 | Construir | House |
| 3:01 | Crear | Villager (Male) |
| 3:02 | Crear | Villager (Male) |
| 3:02 | Crear | Villager (Male) |
| 3:02 | Crear | Villager (Male) |
| 3:02 | Crear | Villager (Male) |
| 4:03 | Crear | Villager (Male) |
| 4:36 | Crear | Villager (Male) |
| 4:47 | Crear | Villager (Male) |
| 5:09 | Construir | House |
| 5:20 | Crear | Villager (Male) |
| 5:20 | Crear | Villager (Male) |
| 5:46 | Crear | Villager (Male) |
| 6:51 | Crear | Villager (Male) |
| 6:51 | Crear | Villager (Male) |
| 7:01 | Crear | Villager (Male) |
| 7:04 | Crear | Fishing Ship |
| 7:04 | Crear | Fishing Ship |
| 7:18 | Construir | House |
| 7:27 | Crear | Fishing Ship |
| 8:07 | Construir | House |
| 8:10 | Crear | Villager (Male) |
| 8:21 | Crear | Villager (Male) |
| 8:22 | Crear | Villager (Male) |
| 8:30 | Crear | Fishing Ship |
| 8:38 | Construir | House |
| 8:42 | Construir | Palisade Wall |
| 9:01 | Construir | Palisade Wall |
| 9:05 | Crear | Villager (Male) |
| 9:06 | Crear | Villager (Male) |
| 9:32 | Construir | Mill |
| 9:34 | Crear | Villager (Male) |
| 9:34 | Crear | Villager (Male) |
| 9:48 | Construir | Palisade Wall |
| 9:59 | Crear | Fishing Ship |
| 10:56 | Construir | House |
| 11:00 | Crear | Villager (Male) |
| 11:11 | Construir | Mining Camp |
| 11:15 | Crear | Villager (Male) |
| 11:27 | Crear | Fishing Ship |
| 11:58 | Investigar | Feudal Age |
| 12:16 | Crear | Fishing Ship |
| 13:08 | Crear | Villager (Male) |
| 13:08 | Crear | Villager (Male) |
| 14:08 | Edad | Edad Feudal |
| 14:09 | Construir | Market |
| 14:13 | Construir | Blacksmith |
| 14:41 | Investigar | Loom |
| 14:52 | Construir | House |
| 15:04 | Crear | Fishing Ship |
| 15:25 | Investigar | Castle Age |
| 15:27 | Construir | House |
| 16:04 | Construir | Lumber Camp |
| 16:27 | Construir | Mill |
| 16:53 | Construir | Dock |
| 17:20 | Investigar | Double-Bit Axe |
| 18:05 | Edad | Edad de los Castillos |
| 18:49 | Construir | Town Center |
| 19:20 | Construir | Dock |
| 19:53 | Crear | Villager (Male) |
| 19:54 | Crear | Villager (Male) |
| 19:54 | Crear | Villager (Male) |
| 19:54 | Crear | Villager (Male) |
| 19:54 | Crear | Villager (Male) |
| 21:19 | Crear | Villager (Male) |
| 21:19 | Crear | Villager (Male) |
| 21:20 | Crear | Villager (Male) |
| 21:30 | Construir | House |
| 21:41 | Construir | Town Center |
| 21:52 | Crear | Villager (Male) |
| 21:52 | Crear | Villager (Male) |
| 21:52 | Crear | Villager (Male) |
| 22:11 | Crear | Fishing Ship |
| 22:22 | Crear | Villager (Male) |
| 22:22 | Crear | Villager (Male) |
| 22:37 | Crear | Villager (Male) |
| 22:41 | Crear | Villager (Male) |
| 22:41 | Crear | Villager (Male) |
| 22:41 | Crear | Villager (Male) |
| 22:58 | Construir | Mill |
| 23:05 | Crear | Fishing Ship |
| 23:11 | Construir | House |
| 23:13 | Construir | House |
| 23:14 | Construir | House |
| 23:47 | Investigar | Wheelbarrow |
| 23:59 | Crear | Villager (Male) |
| 23:59 | Crear | Villager (Male) |
| 24:23 | Crear | Villager (Male) |
| 24:29 | Crear | Villager (Male) |
| 24:30 | Crear | Villager (Male) |
| 25:06 | Crear | Villager (Male) |
| 25:06 | Crear | Villager (Male) |
| 25:11 | Crear | Villager (Male) |
| 25:14 | Crear | Villager (Male) |
| 25:34 | Construir | Mill |
| 25:47 | Crear | Fishing Ship |
| 25:47 | Crear | Fishing Ship |
| 25:50 | Crear | Villager (Male) |
| 25:50 | Crear | Villager (Male) |
| 25:53 | Crear | Villager (Male) |
| 25:53 | Crear | Villager (Male) |
Build order — Asmo
103 acciones detectadas en el replay
| 0:12 | Construir | Town Center |
| 1:22 | Construir | Dock |
| 1:25 | Construir | House |
| 2:35 | Crear | Villager (Male) ×4 |
| 4:07 | Crear | Fishing Ship |
| 4:16 | Construir | House |
| 4:19 | Crear | Villager (Male) |
| 4:36 | Crear | Villager (Male) |
| 5:07 | Crear | Villager (Male) |
| 5:36 | Crear | Villager (Male) |
| 5:56 | Crear | Villager (Male) |
| 5:59 | Crear | Fishing Ship |
| 6:05 | Construir | House |
| 6:16 | Crear | Villager (Male) |
| 6:31 | Construir | Palisade Wall |
| 6:42 | Crear | Villager (Male) |
| 7:04 | Crear | Fishing Ship |
| 7:13 | Construir | House |
| 7:28 | Crear | Villager (Male) |
| 7:33 | Crear | Villager (Male) |
| 7:43 | Construir | House |
| 8:04 | Construir | House |
| 8:09 | Crear | Villager (Male) |
| 8:11 | Crear | Fishing Ship |
| 8:14 | Investigar | Loom |
| 8:31 | Crear | Villager (Male) |
| 8:36 | Construir | House |
| 8:57 | Crear | Villager (Male) |
| 9:10 | Crear | Fishing Ship |
| 9:34 | Crear | Villager (Male) |
| 9:44 | Construir | Palisade Wall |
| 10:02 | Crear | Villager (Male) |
| 10:27 | Investigar | Feudal Age |
| 10:44 | Construir | Mining Camp |
| 11:51 | Construir | Mill |
| 12:04 | Crear | Villager (Male) |
| 12:16 | Construir | House |
| 12:37 | Edad | Edad Feudal |
| 12:38 | Construir | House |
| 12:58 | Construir | Blacksmith |
| 13:03 | Crear | Villager (Male) |
| 13:18 | Construir | Palisade Wall |
| 13:35 | Crear | Villager (Male) |
| 14:00 | Construir | Mining Camp |
| 14:02 | Investigar | Castle Age |
| 14:07 | Construir | Palisade Wall |
| 14:11 | Construir | Palisade Wall |
| 14:11 | Construir | Palisade Wall |
| 15:00 | Investigar | Stone Mining |
| 15:36 | Investigar | Fletching |
| 15:58 | Crear | Villager (Male) |
| 16:08 | Construir | Palisade Wall |
| 16:15 | Construir | House |
| 16:42 | Edad | Edad de los Castillos |
| 16:44 | Crear | Villager (Male) |
| 17:09 | Crear | Villager (Male) |
| 17:19 | Construir | Castle |
| 17:29 | Crear | Villager (Male) |
| 18:39 | Crear | Villager (Male) |
| 18:48 | Construir | Market |
| 18:55 | Crear | Ballista Elephant |
| 19:03 | Crear | Villager (Male) |
| 19:25 | Crear | Ballista Elephant |
| 19:31 | Crear | Villager (Male) |
| 19:50 | Crear | Villager (Male) |
| 19:54 | Construir | House |
| 20:00 | Crear | Villager (Male) |
| 20:11 | Investigar | Bodkin Arrow |
| 20:28 | Crear | Ballista Elephant |
| 20:29 | Crear | Villager (Male) |
| 20:46 | Crear | Ballista Elephant |
| 20:47 | Crear | Villager (Male) |
| 21:07 | Construir | Lumber Camp |
| 21:15 | Crear | Ballista Elephant |
| 21:15 | Crear | Villager (Male) |
| 21:39 | Crear | Villager (Male) |
| 22:08 | Crear | Villager (Male) |
| 22:31 | Crear | Villager (Male) |
| 22:32 | Crear | Ballista Elephant |
| 22:37 | Construir | Barracks |
| 22:51 | Crear | Villager (Male) |
| 23:00 | Construir | Farm |
| 23:00 | Construir | Farm |
| 23:01 | Construir | Farm |
| 23:07 | Crear | Ballista Elephant |
| 23:24 | Crear | Ballista Elephant |
| 23:51 | Construir | Farm |
| 23:51 | Construir | Farm |
| 23:51 | Construir | Farm |
| 23:51 | Construir | Farm |
| 24:01 | Crear | Villager (Male) |
| 24:03 | Investigar | Double-Bit Axe |
| 24:04 | Investigar | Horse Collar |
| 24:28 | Crear | Villager (Male) |
| 24:29 | Crear | Villager (Male) |
| 24:42 | Construir | Stable |
| 24:58 | Crear | Villager (Male) |
| 25:15 | Crear | Villager (Male) |
| 25:32 | Investigar | Scale Barding Armor |
| 25:51 | Construir | Town Center |
| 26:00 | Crear | Villager (Male) |
| 26:32 | Crear | Villager (Male) |
| 26:49 | Construir | Town Center |
Build order — mikeymazko
134 acciones detectadas en el replay
| 0:09 | Construir | Town Center |
| 1:32 | Construir | House |
| 1:34 | Construir | Dock |
| 2:42 | Crear | Villager (Male) |
| 2:43 | Crear | Villager (Male) |
| 2:43 | Crear | Villager (Male) |
| 2:43 | Crear | Villager (Male) |
| 3:53 | Crear | Villager (Male) |
| 3:53 | Crear | Villager (Male) |
| 4:09 | Crear | Fishing Ship |
| 4:29 | Construir | House |
| 4:40 | Crear | Villager (Male) |
| 4:50 | Investigar | Loom |
| 5:20 | Crear | Fishing Ship |
| 5:57 | Crear | Villager (Male) |
| 5:57 | Crear | Villager (Male) |
| 6:04 | Crear | Fishing Ship |
| 6:16 | Crear | Villager (Male) |
| 6:23 | Construir | House |
| 6:35 | Crear | Villager (Male) |
| 7:03 | Crear | Fishing Ship |
| 7:06 | Crear | Villager (Male) |
| 7:06 | Crear | Villager (Male) |
| 7:11 | Construir | House |
| 7:27 | Crear | Villager (Male) |
| 7:27 | Crear | Villager (Male) |
| 8:11 | Crear | Villager (Male) |
| 8:12 | Crear | Villager (Male) |
| 8:12 | Crear | Villager (Male) |
| 8:13 | Crear | Fishing Ship |
| 8:13 | Crear | Fishing Ship |
| 8:38 | Crear | Villager (Male) |
| 8:50 | Crear | Fishing Ship |
| 8:50 | Crear | Fishing Ship |
| 9:24 | Crear | Villager (Male) |
| 9:31 | Construir | House |
| 9:37 | Construir | House |
| 9:56 | Construir | Lumber Camp |
| 9:59 | Crear | Villager (Male) |
| 10:45 | Crear | Villager (Male) |
| 10:47 | Investigar | Feudal Age |
| 11:45 | Crear | Villager (Male) |
| 11:46 | Crear | Villager (Male) |
| 11:57 | Construir | Mill |
| 12:10 | Construir | Mining Camp |
| 12:32 | Crear | Villager (Male) |
| 12:35 | Crear | Fishing Ship |
| 12:36 | Crear | Fishing Ship |
| 12:56 | Construir | House |
| 12:57 | Edad | Edad Feudal |
| 13:10 | Crear | Villager (Male) |
| 13:16 | Crear | Villager (Male) |
| 13:25 | Construir | Dock |
| 13:52 | Investigar | Tech 906 |
| 13:53 | Crear | Villager (Male) |
| 14:05 | Construir | Blacksmith |
| 14:40 | Investigar | Double-Bit Axe |
| 14:57 | Crear | Unit 2626 |
| 15:06 | Investigar | Forging |
| 15:11 | Crear | Unit 2626 |
| 15:18 | Construir | House |
| 15:21 | Crear | Villager (Male) |
| 15:21 | Crear | Villager (Male) |
| 15:34 | Construir | House |
| 15:40 | Construir | House |
| 15:58 | Crear | Unit 2626 |
| 15:58 | Crear | Villager (Male) |
| 16:16 | Construir | Market |
| 16:34 | Crear | Unit 2626 |
| 17:14 | Crear | Unit 2626 |
| 17:17 | Crear | Unit 2626 |
| 17:18 | Crear | Villager (Male) |
| 17:18 | Crear | Villager (Male) |
| 17:18 | Crear | Villager (Male) |
| 18:02 | Crear | Unit 2626 |
| 18:17 | Investigar | Castle Age |
| 18:43 | Construir | Mining Camp |
| 19:03 | Crear | Unit 2626 |
| 19:15 | Investigar | Gold Mining |
| 19:16 | Crear | Villager (Male) |
| 19:35 | Crear | Unit 2626 |
| 19:41 | Crear | Villager (Male) |
| 19:48 | Crear | Unit 2626 |
| 20:10 | Crear | Unit 2626 |
| 20:17 | Construir | House |
| 20:37 | Crear | Villager (Male) |
| 20:42 | Investigar | Town Watch |
| 20:43 | Investigar | Wheelbarrow |
| 20:57 | Edad | Edad de los Castillos |
| 21:03 | Crear | Unit 2626 |
| 21:04 | Crear | Villager (Male) |
| 21:04 | Crear | Villager (Male) |
| 21:15 | Construir | Town Center |
| 22:01 | Crear | Unit 2626 |
| 22:01 | Crear | Unit 2626 |
| 22:49 | Crear | Villager (Male) |
| 22:50 | Crear | Villager (Male) |
| 22:50 | Crear | Villager (Male) |
| 23:18 | Crear | Villager (Male) |
| 23:25 | Construir | Farm |
| 23:27 | Construir | Farm |
| 23:27 | Construir | Farm |
| 23:28 | Construir | Farm |
| 23:32 | Construir | Farm |
| 23:33 | Investigar | Bow Saw |
| 23:44 | Crear | Villager (Male) |
| 23:44 | Crear | Villager (Male) |
| 23:55 | Construir | Farm |
| 24:01 | Construir | Mill |
| 24:12 | Construir | Castle |
| 24:16 | Construir | Palisade Wall |
| 24:17 | Construir | Palisade Wall |
| 24:23 | Construir | Palisade Wall |
| 24:29 | Construir | Palisade Wall |
| 24:31 | Construir | Palisade Wall |
| 24:32 | Construir | Palisade Wall |
| 24:42 | Investigar | Fletching |
| 25:00 | Construir | Farm |
| 25:02 | Construir | Farm |
| 25:04 | Crear | Villager (Male) |
| 25:19 | Construir | Lumber Camp |
| 25:26 | Crear | Plumed Archer |
| 25:26 | Crear | Plumed Archer |
| 25:27 | Crear | Plumed Archer |
| 25:35 | Construir | Lumber Camp |
| 25:39 | Investigar | Bodkin Arrow |
| 25:39 | Investigar | Bodkin Arrow |
| 26:07 | Construir | Siege Workshop |
| 26:26 | Crear | Plumed Archer |
| 26:26 | Crear | Plumed Archer |
| 26:26 | Crear | Plumed Archer |
| 26:40 | Crear | Villager (Male) |
| 26:40 | Crear | Villager (Male) |
| 26:41 | Crear | Villager (Male) |
Build order — hurm0k [PT]
137 acciones detectadas en el replay
| 0:17 | Construir | Town Center |
| 1:39 | Construir | House |
| 1:40 | Construir | Dock |
| 2:35 | Crear | Villager (Male) ×4 |
| 2:35 | Crear | Villager (Male) ×4 |
| 3:37 | Crear | Fishing Ship |
| 4:07 | Investigar | Loom |
| 4:17 | Construir | House |
| 4:21 | Crear | Villager (Male) |
| 4:57 | Crear | Fishing Ship |
| 5:01 | Crear | Villager (Male) |
| 5:45 | Crear | Villager (Male) |
| 5:45 | Crear | Villager (Male) |
| 6:10 | Crear | Fishing Ship |
| 6:11 | Crear | Fishing Ship |
| 6:16 | Crear | Villager (Male) |
| 6:18 | Construir | House |
| 6:38 | Crear | Villager (Male) |
| 7:00 | Crear | Villager (Male) |
| 7:31 | Construir | Mill |
| 7:42 | Crear | Villager (Male) |
| 7:42 | Crear | Villager (Male) |
| 7:47 | Crear | Villager (Male) |
| 7:47 | Crear | Villager (Male) |
| 7:47 | Crear | Villager (Male) |
| 8:10 | Crear | Fishing Ship |
| 8:48 | Crear | Fishing Ship |
| 8:50 | Crear | Villager (Male) |
| 8:51 | Crear | Villager (Male) |
| 8:51 | Crear | Villager (Male) |
| 8:56 | Construir | House |
| 9:37 | Construir | Dock |
| 9:57 | Crear | Fishing Ship |
| 10:19 | Crear | Fishing Ship |
| 10:26 | Construir | House |
| 11:01 | Crear | Fishing Ship |
| 11:02 | Crear | Villager (Male) |
| 11:03 | Investigar | Feudal Age |
| 11:10 | Construir | Mining Camp |
| 11:55 | Crear | Fishing Ship |
| 11:56 | Crear | Fishing Ship |
| 12:00 | Construir | House |
| 12:18 | Construir | Lumber Camp |
| 12:22 | Crear | Villager (Male) |
| 12:49 | Crear | Villager (Male) |
| 12:49 | Crear | Villager (Male) |
| 12:54 | Construir | House |
| 13:17 | Edad | Edad Feudal |
| 13:17 | Crear | Unit 2626 |
| 13:18 | Crear | Unit 2626 |
| 13:18 | Crear | Unit 2626 |
| 13:22 | Investigar | Double-Bit Axe |
| 13:49 | Construir | Blacksmith |
| 13:57 | Crear | Villager (Male) |
| 14:14 | Investigar | Wheelbarrow |
| 14:24 | Investigar | Forging |
| 14:27 | Crear | Unit 2626 |
| 14:40 | Crear | Unit 2626 |
| 14:44 | Crear | Villager (Male) |
| 14:44 | Crear | Villager (Male) |
| 15:39 | Crear | Unit 2626 |
| 15:40 | Crear | Unit 2626 |
| 15:40 | Investigar | Tech 906 |
| 15:41 | Crear | Villager (Male) |
| 15:41 | Crear | Villager (Male) |
| 15:43 | Construir | House |
| 15:44 | Construir | House |
| 16:23 | Crear | Fire Galley |
| 16:23 | Crear | Fire Galley |
| 16:54 | Construir | Market |
| 17:29 | Crear | Unit 2626 |
| 17:29 | Crear | Unit 2626 |
| 17:39 | Construir | Dock |
| 17:59 | Crear | Villager (Male) |
| 18:01 | Investigar | Castle Age |
| 18:29 | Construir | Barracks |
| 19:21 | Crear | Unit 2626 |
| 19:21 | Crear | Unit 2626 |
| 19:21 | Crear | Unit 2626 |
| 19:37 | Crear | Unit 2626 |
| 19:45 | Crear | Villager (Male) |
| 19:46 | Crear | Villager (Male) |
| 20:03 | Construir | House |
| 20:41 | Edad | Edad de los Castillos |
| 20:42 | Investigar | War Galley (upgrade) |
| 20:43 | Investigar | Gillnets |
| 20:49 | Construir | University |
| 20:53 | Construir | Town Center |
| 20:56 | Investigar | Hand Cart |
| 21:09 | Investigar | Iron Casting |
| 21:09 | Investigar | Iron Casting |
| 21:10 | Crear | Villager (Male) |
| 21:18 | Investigar | Tech 908 |
| 21:29 | Crear | Unit 2626 |
| 21:29 | Crear | Unit 2626 |
| 21:30 | Crear | Unit 2626 |
| 21:47 | Crear | Unit 2626 |
| 21:47 | Crear | Unit 2626 |
| 21:49 | Crear | Villager (Male) |
| 21:49 | Crear | Villager (Male) |
| 22:26 | Crear | Villager (Male) |
| 22:26 | Crear | Villager (Male) |
| 22:26 | Crear | Villager (Male) |
| 22:38 | Construir | Town Center |
| 22:46 | Crear | Fire Galley |
| 23:18 | Crear | Villager (Male) |
| 23:18 | Crear | Villager (Male) |
| 23:18 | Crear | Villager (Male) |
| 23:20 | Construir | Farm |
| 23:21 | Construir | Farm |
| 23:23 | Investigar | Horse Collar |
| 23:44 | Crear | Villager (Male) |
| 23:47 | Construir | Farm |
| 24:26 | Crear | Fire Galley |
| 24:26 | Crear | Fire Galley |
| 24:26 | Crear | Fire Galley |
| 24:37 | Crear | Villager (Male) |
| 24:37 | Crear | Villager (Male) |
| 24:38 | Crear | Villager (Male) |
| 24:38 | Crear | Villager (Male) |
| 25:09 | Crear | Villager (Male) |
| 25:09 | Crear | Villager (Male) |
| 25:09 | Crear | Villager (Male) |
| 25:09 | Crear | Villager (Male) |
| 25:23 | Construir | Town Center |
| 25:33 | Construir | Stable |
| 25:36 | Construir | House |
| 25:36 | Construir | House |
| 25:37 | Construir | House |
| 25:39 | Investigar | Scale Barding Armor |
| 25:57 | Investigar | Bloodlines |
| 26:05 | Crear | Shrivamsha Rider |
| 26:26 | Crear | Villager (Male) |
| 26:26 | Crear | Villager (Male) |
| 26:28 | Construir | Mining Camp |
| 26:33 | Crear | Shrivamsha Rider |
| 26:39 | Crear | Villager (Male) |
Build order — Sergeantmilan97
129 acciones detectadas en el replay
| 0:08 | Construir | Town Center |
| 1:03 | Construir | Dock |
| 2:34 | Crear | Villager (Male) |
| 2:34 | Crear | Villager (Male) |
| 2:34 | Crear | Villager (Male) |
| 2:34 | Crear | Villager (Male) |
| 2:35 | Crear | Villager (Male) |
| 2:44 | Construir | House |
| 3:48 | Crear | Villager (Male) |
| 3:48 | Crear | Villager (Male) |
| 3:56 | Construir | House |
| 4:23 | Crear | Villager (Male) |
| 4:23 | Crear | Villager (Male) |
| 4:23 | Crear | Villager (Male) |
| 4:39 | Crear | Fishing Ship |
| 4:56 | Crear | Villager (Male) |
| 4:56 | Crear | Villager (Male) |
| 5:24 | Investigar | Loom |
| 5:27 | Crear | Fishing Ship |
| 5:46 | Crear | Villager (Male) |
| 5:47 | Crear | Villager (Male) |
| 5:57 | Construir | House |
| 6:07 | Crear | Villager (Male) |
| 6:08 | Crear | Villager (Male) |
| 6:36 | Crear | Fishing Ship |
| 6:36 | Crear | Fishing Ship |
| 6:38 | Crear | Villager (Male) |
| 6:38 | Crear | Villager (Male) |
| 7:08 | Crear | Villager (Male) |
| 7:08 | Crear | Villager (Male) |
| 7:19 | Crear | Fishing Ship |
| 7:20 | Crear | Villager (Male) |
| 7:20 | Crear | Villager (Male) |
| 7:25 | Construir | House |
| 7:37 | Crear | Villager (Male) |
| 7:37 | Crear | Villager (Male) |
| 8:09 | Crear | Villager (Male) |
| 8:09 | Crear | Villager (Male) |
| 8:09 | Crear | Villager (Male) |
| 8:25 | Construir | Mill |
| 8:33 | Crear | Villager (Male) |
| 8:34 | Crear | Villager (Male) |
| 8:34 | Crear | Villager (Male) |
| 8:45 | Crear | Villager (Male) |
| 8:46 | Crear | Villager (Male) |
| 8:56 | Crear | Villager (Male) |
| 8:57 | Crear | Villager (Male) |
| 8:57 | Crear | Villager (Male) |
| 9:07 | Crear | Villager (Male) |
| 9:07 | Crear | Villager (Male) |
| 9:29 | Crear | Villager (Male) |
| 9:46 | Construir | Palisade Wall |
| 9:49 | Crear | Villager (Male) |
| 9:49 | Crear | Villager (Male) |
| 9:50 | Crear | Villager (Male) |
| 9:54 | Construir | Palisade Wall |
| 10:12 | Construir | House |
| 10:26 | Crear | Villager (Male) |
| 10:57 | Crear | Fishing Ship |
| 10:59 | Crear | Villager (Male) |
| 11:06 | Investigar | Feudal Age |
| 11:33 | Construir | Mining Camp |
| 11:39 | Crear | Villager (Male) |
| 12:01 | Crear | Villager (Male) |
| 12:15 | Crear | Villager (Male) |
| 12:33 | Construir | House |
| 12:34 | Crear | Villager (Male) |
| 12:42 | Crear | Villager (Male) |
| 12:54 | Crear | Villager (Male) |
| 13:01 | Crear | Villager (Male) |
| 13:29 | Crear | Villager (Male) |
| 13:36 | Construir | Farm |
| 13:45 | Crear | Villager (Male) |
| 13:52 | Construir | Mining Camp |
| 14:06 | Crear | Villager (Male) |
| 14:20 | Construir | Market |
| 14:22 | Crear | Villager (Male) |
| 14:34 | Crear | Villager (Male) |
| 14:57 | Crear | Villager (Male) |
| 15:20 | Construir | Blacksmith |
| 15:25 | Crear | Villager (Male) |
| 15:55 | Crear | Villager (Male) |
| 16:08 | Investigar | Castle Age |
| 16:22 | Construir | Lumber Camp |
| 16:30 | Crear | Villager (Male) |
| 16:42 | Construir | House |
| 16:44 | Construir | Palisade Wall |
| 16:50 | Crear | Villager (Male) |
| 16:50 | Crear | Villager (Male) |
| 16:57 | Construir | House |
| 17:01 | Construir | Palisade Wall |
| 17:02 | Crear | Villager (Male) |
| 17:03 | Crear | Villager (Male) |
| 17:07 | Investigar | Double-Bit Axe |
| 17:22 | Construir | House |
| 17:28 | Construir | House |
| 17:43 | Construir | House |
| 18:05 | Crear | Villager (Male) |
| 18:13 | Investigar | Stone Mining |
| 18:18 | Construir | Farm |
| 18:22 | Crear | Villager (Male) |
| 18:34 | Investigar | Fletching |
| 18:42 | Crear | Villager (Male) |
| 19:10 | Construir | Castle |
| 19:22 | Crear | Villager (Male) |
| 19:25 | Construir | House |
| 19:26 | Construir | House |
| 19:36 | Construir | House |
| 19:40 | Construir | Farm |
| 19:42 | Construir | Farm |
| 19:44 | Crear | Villager (Male) |
| 20:08 | Construir | House |
| 20:10 | Construir | House |
| 20:13 | Construir | House |
| 20:14 | Construir | House |
| 20:22 | Crear | Villager (Male) |
| 20:23 | Crear | Villager (Male) |
| 20:46 | Crear | Villager (Male) |
| 20:56 | Crear | Villager (Male) |
| 21:01 | Investigar | Stone Shaft Mining |
| 21:27 | Construir | House |
| 21:46 | Construir | Mining Camp |
| 22:10 | Investigar | Gold Mining |
| 22:34 | Construir | Mining Camp |
| 22:36 | Crear | Villager (Male) |
| 23:26 | Crear | Villager (Male) |
| 24:31 | Construir | Castle |
| 24:44 | Crear | Villager (Male) |
| 26:13 | Crear | Villager (Male) |
Build order — N1ls
Primeras 150 de 160 acciones detectadas
| 0:52 | Construir | Town Center |
| 1:29 | Construir | Dock |
| 1:31 | Construir | House |
| 3:17 | Crear | Villager (Male) |
| 3:18 | Crear | Villager (Male) |
| 3:18 | Crear | Villager (Male) |
| 3:18 | Crear | Villager (Male) |
| 4:26 | Crear | Fishing Ship |
| 4:26 | Crear | Fishing Ship |
| 4:50 | Investigar | Loom |
| 4:55 | Crear | Villager (Male) |
| 5:15 | Construir | House |
| 5:44 | Crear | Fishing Ship |
| 5:46 | Crear | Villager (Male) |
| 6:08 | Crear | Villager (Male) |
| 6:37 | Crear | Villager (Male) |
| 6:51 | Construir | House |
| 6:55 | Crear | Villager (Male) |
| 7:12 | Crear | Fishing Ship |
| 7:31 | Crear | Villager (Male) |
| 7:32 | Crear | Villager (Male) |
| 7:37 | Construir | House |
| 7:47 | Crear | Villager (Male) |
| 8:01 | Crear | Fishing Ship |
| 8:20 | Crear | Villager (Male) |
| 8:31 | Construir | Palisade Wall |
| 8:33 | Construir | Palisade Wall |
| 8:49 | Crear | Villager (Male) |
| 8:56 | Crear | Fishing Ship |
| 9:01 | Construir | House |
| 9:04 | Construir | House |
| 9:25 | Crear | Villager (Male) |
| 9:36 | Construir | Mill |
| 9:39 | Crear | Villager (Male) |
| 10:13 | Crear | Fishing Ship |
| 10:15 | Crear | Fishing Ship |
| 10:16 | Crear | Villager (Male) |
| 10:44 | Construir | Mill |
| 10:46 | Crear | Villager (Male) |
| 11:06 | Crear | Fishing Ship |
| 11:08 | Crear | Villager (Male) |
| 11:10 | Construir | House |
| 11:32 | Crear | Villager (Male) |
| 11:40 | Construir | Lumber Camp |
| 11:45 | Crear | Villager (Male) |
| 11:52 | Construir | House |
| 12:30 | Construir | House |
| 12:30 | Crear | Villager (Male) |
| 12:33 | Crear | Fishing Ship |
| 12:46 | Crear | Villager (Male) |
| 13:08 | Construir | Mining Camp |
| 13:10 | Crear | Villager (Male) |
| 13:28 | Crear | Villager (Male) |
| 13:30 | Investigar | Feudal Age |
| 13:46 | Construir | House |
| 14:27 | Construir | House |
| 14:30 | Construir | Dock |
| 15:56 | Edad | Edad Feudal |
| 16:02 | Construir | Market |
| 16:20 | Crear | Unit 2626 |
| 16:20 | Crear | Unit 2626 |
| 16:30 | Construir | Palisade Wall |
| 16:32 | Construir | Palisade Wall |
| 16:41 | Crear | Villager (Male) |
| 16:58 | Crear | Unit 2626 |
| 17:09 | Crear | Unit 2626 |
| 17:19 | Crear | Villager (Male) |
| 17:34 | Construir | Blacksmith |
| 17:36 | Construir | Mining Camp |
| 17:44 | Crear | Villager (Male) |
| 18:10 | Crear | Galley |
| 18:15 | Crear | Villager (Male) |
| 18:16 | Investigar | Castle Age |
| 18:55 | Investigar | Double-Bit Axe |
| 18:57 | Construir | Lumber Camp |
| 19:02 | Investigar | Horse Collar |
| 20:57 | Edad | Edad de los Castillos |
| 21:00 | Construir | Town Center |
| 21:12 | Construir | Town Center |
| 21:17 | Crear | Villager (Male) |
| 21:17 | Crear | Villager (Male) |
| 21:34 | Investigar | Bow Saw |
| 21:35 | Crear | Villager (Male) |
| 21:36 | Crear | Villager (Male) |
| 21:53 | Crear | Villager (Male) |
| 21:54 | Crear | Villager (Male) |
| 22:18 | Crear | Villager (Male) |
| 22:19 | Crear | Villager (Male) |
| 22:19 | Crear | Villager (Male) |
| 22:22 | Construir | Farm |
| 22:22 | Construir | Farm |
| 22:23 | Construir | Farm |
| 22:45 | Construir | Castle |
| 22:52 | Construir | Stone Wall |
| 22:58 | Construir | Stone Wall |
| 23:09 | Construir | Farm |
| 23:09 | Construir | Farm |
| 23:09 | Construir | Farm |
| 23:10 | Construir | Farm |
| 23:10 | Construir | Farm |
| 23:10 | Construir | Farm |
| 23:11 | Construir | Farm |
| 23:20 | Crear | Villager (Male) |
| 23:20 | Crear | Villager (Male) |
| 23:21 | Crear | Villager (Male) |
| 23:32 | Construir | Farm |
| 23:52 | Construir | Farm |
| 23:52 | Construir | Farm |
| 23:53 | Construir | Farm |
| 24:07 | Construir | Farm |
| 24:10 | Construir | Stone Wall |
| 24:13 | Crear | Villager (Male) |
| 24:26 | Construir | Stone Wall |
| 24:29 | Construir | Stone Wall |
| 24:31 | Crear | Villager (Male) |
| 24:31 | Crear | Villager (Male) |
| 24:31 | Crear | Villager (Male) |
| 24:34 | Construir | Farm |
| 24:34 | Construir | Farm |
| 24:38 | Construir | Farm |
| 24:49 | Crear | Villager (Male) |
| 24:59 | Construir | Stone Wall |
| 25:01 | Construir | Stone Wall |
| 25:04 | Crear | Villager (Male) |
| 25:06 | Construir | House |
| 25:09 | Construir | House |
| 25:09 | Construir | House |
| 25:13 | Construir | House |
| 25:19 | Crear | Villager (Male) |
| 25:19 | Crear | Villager (Male) |
| 25:29 | Crear | Villager (Male) |
| 25:30 | Crear | Villager (Male) |
| 25:34 | Crear | Villager (Male) |
| 25:34 | Crear | Villager (Male) |
| 25:34 | Crear | Villager (Male) |
| 25:37 | Construir | Farm |
| 25:37 | Construir | Farm |
| 25:38 | Construir | Farm |
| 25:38 | Construir | Farm |
| 25:39 | Construir | Farm |
| 25:57 | Construir | Farm |
| 25:57 | Crear | Villager (Male) |
| 25:57 | Crear | Villager (Male) |
| 26:09 | Construir | Gate |
| 26:13 | Crear | Villager (Male) |
| 26:13 | Crear | Villager (Male) |
| 26:18 | Crear | Villager (Male) |
| 26:18 | Crear | Villager (Male) |
| 26:21 | Crear | Villager (Male) |
| 26:21 | Crear | Villager (Male) |
Build order — Buhr
Primeras 150 de 155 acciones detectadas
| 0:15 | Construir | Town Center |
| 0:43 | Construir | Dock |
| 0:58 | Construir | Dock |
| 1:01 | Construir | House |
| 2:38 | Crear | Villager (Male) ×4 |
| 2:38 | Crear | Villager (Male) ×4 |
| 3:36 | Crear | Fishing Ship |
| 4:00 | Construir | House |
| 4:19 | Investigar | Loom |
| 4:23 | Crear | Villager (Male) |
| 4:59 | Crear | Fishing Ship |
| 5:34 | Crear | Villager (Male) |
| 6:01 | Construir | House |
| 6:03 | Crear | Fishing Ship |
| 6:07 | Crear | Villager (Male) |
| 6:07 | Crear | Villager (Male) |
| 6:18 | Crear | Villager (Male) |
| 6:19 | Crear | Villager (Male) |
| 6:39 | Crear | Fishing Ship |
| 6:56 | Crear | Villager (Male) |
| 6:56 | Crear | Villager (Male) |
| 7:06 | Construir | House |
| 7:10 | Construir | Palisade Wall |
| 7:18 | Construir | Palisade Wall |
| 7:19 | Crear | Villager (Male) |
| 7:47 | Crear | Villager (Male) |
| 8:12 | Crear | Villager (Male) |
| 8:13 | Crear | Villager (Male) |
| 8:13 | Crear | Villager (Male) |
| 8:13 | Crear | Villager (Male) |
| 8:36 | Construir | Mule Cart |
| 8:47 | Crear | Villager (Male) |
| 8:47 | Crear | Villager (Male) |
| 8:59 | Construir | Palisade Wall |
| 9:31 | Construir | House |
| 10:08 | Construir | Palisade Wall |
| 10:14 | Construir | Palisade Wall |
| 10:17 | Crear | Villager (Male) |
| 11:07 | Crear | Villager (Male) |
| 11:08 | Crear | Villager (Male) |
| 11:08 | Crear | Villager (Male) |
| 11:12 | Investigar | Feudal Age |
| 11:12 | Investigar | Feudal Age |
| 11:21 | Construir | House |
| 11:59 | Construir | House |
| 12:03 | Crear | Villager (Male) |
| 12:04 | Crear | Villager (Male) |
| 12:25 | Construir | Dock |
| 12:29 | Crear | Fishing Ship |
| 12:29 | Crear | Fishing Ship |
| 12:41 | Construir | Palisade Wall |
| 12:53 | Construir | Mule Cart |
| 13:11 | Construir | Palisade Wall |
| 13:22 | Edad | Edad Feudal |
| 13:26 | Investigar | Double-Bit Axe |
| 13:30 | Crear | Unit 2626 |
| 13:30 | Crear | Unit 2626 |
| 13:40 | Construir | House |
| 14:15 | Crear | Unit 2626 |
| 14:27 | Crear | Villager (Male) |
| 14:28 | Crear | Villager (Male) |
| 14:29 | Crear | Villager (Male) |
| 14:29 | Crear | Villager (Male) |
| 14:34 | Construir | House |
| 14:45 | Crear | Fire Galley |
| 15:09 | Crear | Fire Galley |
| 15:09 | Crear | Fire Galley |
| 15:19 | Construir | Palisade Wall |
| 15:24 | Construir | Palisade Wall |
| 15:25 | Construir | Palisade Wall |
| 15:34 | Construir | Blacksmith |
| 16:03 | Crear | Fire Galley |
| 16:03 | Crear | Fire Galley |
| 16:26 | Crear | Fire Galley |
| 16:27 | Crear | Fire Galley |
| 16:29 | Investigar | Fletching |
| 16:43 | Crear | Fire Galley |
| 16:43 | Crear | Fire Galley |
| 16:49 | Construir | House |
| 17:30 | Crear | Fire Galley |
| 17:30 | Crear | Fire Galley |
| 17:30 | Crear | Fire Galley |
| 17:40 | Crear | Villager (Male) |
| 17:40 | Crear | Villager (Male) |
| 17:43 | Crear | Villager (Male) |
| 17:43 | Crear | Villager (Male) |
| 18:14 | Construir | Palisade Wall |
| 18:15 | Construir | Palisade Wall |
| 18:21 | Construir | Stone Wall |
| 18:30 | Construir | Mill |
| 18:34 | Crear | Villager (Male) |
| 18:44 | Construir | Palisade Wall |
| 18:45 | Construir | Palisade Wall |
| 19:04 | Construir | Market |
| 19:20 | Construir | Mule Cart |
| 19:57 | Investigar | Castle Age |
| 19:57 | Investigar | Castle Age |
| 20:03 | Investigar | Town Watch |
| 20:28 | Construir | Barracks |
| 20:32 | Construir | House |
| 21:04 | Construir | House |
| 21:05 | Construir | House |
| 21:08 | Investigar | Gold Mining |
| 21:08 | Investigar | Stone Mining |
| 21:10 | Investigar | Horse Collar |
| 21:48 | Crear | Villager (Male) |
| 21:48 | Crear | Villager (Male) |
| 22:17 | Construir | House |
| 22:19 | Construir | House |
| 22:37 | Edad | Edad de los Castillos |
| 22:40 | Construir | Town Center |
| 22:44 | Construir | Town Center |
| 22:47 | Investigar | Bow Saw |
| 22:48 | Crear | Villager (Male) |
| 22:48 | Crear | Villager (Male) |
| 22:54 | Investigar | Wheelbarrow |
| 22:54 | Crear | Villager (Male) |
| 22:55 | Crear | Villager (Male) |
| 22:55 | Crear | Villager (Male) |
| 23:16 | Crear | Villager (Male) |
| 23:17 | Crear | Villager (Male) |
| 23:20 | Construir | House |
| 23:21 | Construir | House |
| 23:23 | Construir | House |
| 23:23 | Construir | House |
| 23:39 | Crear | Villager (Male) |
| 23:39 | Crear | Villager (Male) |
| 24:14 | Crear | Villager (Male) |
| 24:14 | Crear | Villager (Male) |
| 24:14 | Crear | Villager (Male) |
| 24:28 | Crear | Villager (Male) |
| 24:28 | Crear | Villager (Male) |
| 24:33 | Construir | Farm |
| 24:34 | Construir | Farm |
| 24:34 | Construir | Farm |
| 24:45 | Crear | Villager (Male) |
| 24:45 | Crear | Villager (Male) |
| 24:46 | Crear | Villager (Male) |
| 24:51 | Construir | Farm |
| 25:07 | Construir | Farm |
| 25:12 | Crear | Villager (Male) |
| 25:12 | Crear | Villager (Male) |
| 25:17 | Construir | House |
| 25:18 | Construir | House |
| 25:25 | Crear | Villager (Male) |
| 25:48 | Construir | Archery Range |
| 25:57 | Crear | Villager (Male) |
| 25:57 | Crear | Villager (Male) |
| 25:57 | Crear | Villager (Male) |
| 25:57 | Crear | Villager (Male) |
Build order — Koby
149 acciones detectadas en el replay
| 0:06 | Construir | Town Center |
| 0:58 | Construir | House |
| 1:02 | Construir | Dock |
| 2:00 | Construir | House |
| 2:22 | Construir | Palisade Wall |
| 2:35 | Construir | Palisade Wall |
| 2:45 | Crear | Villager (Male) |
| 2:46 | Crear | Villager (Male) |
| 2:46 | Crear | Villager (Male) |
| 3:08 | Crear | Villager (Male) |
| 4:07 | Crear | Villager (Male) |
| 4:07 | Crear | Villager (Male) |
| 4:08 | Crear | Fishing Ship |
| 4:08 | Crear | Fishing Ship |
| 4:32 | Construir | House |
| 4:49 | Crear | Villager (Male) |
| 4:49 | Crear | Villager (Male) |
| 5:00 | Construir | House |
| 5:25 | Crear | Villager (Male) |
| 5:37 | Crear | Villager (Male) |
| 6:10 | Crear | Villager (Male) |
| 6:10 | Crear | Villager (Male) |
| 6:38 | Crear | Fishing Ship |
| 6:41 | Construir | House |
| 6:54 | Crear | Villager (Male) |
| 7:10 | Crear | Villager (Male) |
| 7:35 | Crear | Villager (Male) |
| 7:35 | Crear | Villager (Male) |
| 7:44 | Crear | Fishing Ship |
| 7:57 | Crear | Villager (Male) |
| 8:13 | Crear | Fishing Ship |
| 8:26 | Crear | Villager (Male) |
| 8:45 | Construir | House |
| 8:50 | Crear | Fishing Ship |
| 8:58 | Crear | Villager (Male) |
| 8:59 | Crear | Villager (Male) |
| 9:01 | Crear | Villager (Male) |
| 9:04 | Construir | House |
| 9:14 | Construir | House |
| 9:18 | Construir | House |
| 9:32 | Crear | Villager (Male) |
| 9:48 | Crear | Villager (Male) |
| 9:52 | Investigar | Loom |
| 10:01 | Crear | Fishing Ship |
| 10:35 | Construir | Mining Camp |
| 10:48 | Crear | Villager (Male) |
| 11:03 | Construir | House |
| 11:16 | Investigar | Feudal Age |
| 11:16 | Investigar | Feudal Age |
| 11:50 | Construir | Mill |
| 11:57 | Construir | Mill |
| 11:59 | Crear | Villager (Male) |
| 12:19 | Crear | Villager (Male) |
| 13:39 | Edad | Edad Feudal |
| 13:47 | Construir | Market |
| 13:59 | Construir | Blacksmith |
| 14:38 | Investigar | Castle Age |
| 14:44 | Construir | Outpost |
| 14:51 | Construir | Palisade Wall |
| 14:55 | Construir | Palisade Gate |
| 15:03 | Construir | Palisade Gate |
| 15:46 | Construir | House |
| 16:05 | Investigar | Horse Collar |
| 16:15 | Construir | Lumber Camp |
| 16:26 | Construir | Outpost |
| 16:30 | Investigar | Town Watch |
| 17:18 | Edad | Edad de los Castillos |
| 17:30 | Construir | Castle |
| 17:40 | Crear | Villager (Male) |
| 17:40 | Crear | Villager (Male) |
| 17:44 | Construir | Palisade Wall |
| 17:48 | Construir | Palisade Wall |
| 17:53 | Construir | Palisade Gate |
| 17:56 | Crear | Villager (Male) |
| 18:01 | Investigar | Wheelbarrow |
| 18:10 | Construir | Palisade Wall |
| 18:16 | Investigar | Fletching |
| 18:50 | Construir | Lumber Camp |
| 18:53 | Crear | Janissary |
| 18:53 | Crear | Janissary |
| 19:04 | Investigar | Padded Archer Armor |
| 19:14 | Investigar | Double-Bit Axe |
| 19:20 | Crear | Villager (Male) |
| 19:20 | Crear | Villager (Male) |
| 19:20 | Crear | Villager (Male) |
| 19:21 | Crear | Villager (Male) |
| 19:45 | Crear | Janissary |
| 19:45 | Crear | Janissary |
| 20:00 | Crear | Villager (Male) |
| 20:00 | Crear | Villager (Male) |
| 20:07 | Construir | Farm |
| 20:07 | Construir | Farm |
| 20:09 | Construir | Farm |
| 20:27 | Crear | Janissary |
| 20:27 | Crear | Janissary |
| 20:37 | Crear | Janissary |
| 20:37 | Crear | Janissary |
| 21:09 | Crear | Villager (Male) |
| 21:09 | Crear | Villager (Male) |
| 21:23 | Crear | Janissary |
| 21:24 | Crear | Janissary |
| 21:31 | Construir | Farm |
| 21:31 | Construir | Farm |
| 21:32 | Construir | Farm |
| 21:35 | Crear | Villager (Male) |
| 22:02 | Crear | Janissary |
| 22:19 | Construir | Town Center |
| 22:31 | Crear | Janissary |
| 22:32 | Crear | Villager (Male) |
| 22:32 | Crear | Villager (Male) |
| 22:32 | Crear | Villager (Male) |
| 22:42 | Construir | Farm |
| 22:44 | Construir | Farm |
| 22:59 | Construir | Farm |
| 23:04 | Crear | Janissary |
| 23:48 | Crear | Villager (Male) |
| 23:48 | Crear | Villager (Male) |
| 23:48 | Crear | Villager (Male) |
| 24:04 | Crear | Villager (Male) |
| 24:04 | Crear | Villager (Male) |
| 24:11 | Construir | Farm |
| 24:14 | Construir | Farm |
| 24:16 | Construir | Farm |
| 24:17 | Crear | Villager (Male) |
| 24:17 | Crear | Villager (Male) |
| 24:19 | Construir | Farm |
| 24:24 | Construir | Farm |
| 24:25 | Construir | Farm |
| 24:33 | Crear | Janissary |
| 24:33 | Crear | Janissary |
| 25:06 | Crear | Villager (Male) |
| 25:07 | Crear | Janissary |
| 25:08 | Crear | Villager (Male) |
| 25:16 | Construir | Mining Camp |
| 25:19 | Crear | Villager (Male) |
| 25:19 | Crear | Villager (Male) |
| 25:21 | Crear | Janissary |
| 25:21 | Crear | Janissary |
| 25:50 | Crear | Janissary |
| 25:50 | Crear | Janissary |
| 26:00 | Crear | Janissary |
| 26:01 | Crear | Janissary |
| 26:39 | Crear | Janissary |
| 26:39 | Crear | Janissary |
| 26:46 | Crear | Villager (Male) |
| 26:47 | Crear | Villager (Male) |
| 26:47 | Crear | Villager (Male) |
| 26:50 | Crear | Villager (Male) |
| 26:51 | Crear | Villager (Male) |
Cronología de la partida
| 0:34 | Ramci · first_building Dock |
| 0:43 | Buhr · first_building Dock |
| 1:02 | Koby · first_building Dock |
| 1:03 | Sergeantmilan97 · first_building Dock |
| 1:22 | Asmo · first_building Dock |
| 1:29 | N1ls · first_building Dock |
| 1:34 | mikeymazko · first_building Dock |
| 1:40 | hurm0k [PT] · first_building Dock |
| 2:22 | Koby · wall_segment Palisade Wall x1 |
| 2:35 | Koby · wall_segment Palisade Wall x1 |
| 6:31 | Asmo · wall_segment Palisade Wall x7 |
| 7:10 | Buhr · wall_segment Palisade Wall x6 |
| 7:18 | Buhr · wall_segment Palisade Wall x10 |
| 8:31 | N1ls · wall_segment Palisade Wall x1 |
| 8:33 | N1ls · wall_segment Palisade Wall x1 |
| 8:42 | Ramci · wall_segment Palisade Wall x1 |
| 8:59 | Buhr · wall_segment Palisade Wall x6 |
| 9:01 | Ramci · wall_segment Palisade Wall x1 |
| 9:44 | Asmo · wall_segment Palisade Wall x1 |
| 9:46 | Sergeantmilan97 · wall_segment Palisade Wall x1 |
| 9:48 | Ramci · wall_segment Palisade Wall x1 |
| 9:54 | Sergeantmilan97 · wall_segment Palisade Wall x2 |
| 10:08 | Buhr · wall_segment Palisade Wall x10 |
| 10:14 | Buhr · wall_segment Palisade Wall x6 |
| 12:37 | Asmo · age_up feudal |
| 12:41 | Buhr · wall_segment Palisade Wall x7 |
| 12:57 | mikeymazko · age_up feudal |
| 13:11 | Buhr · wall_segment Palisade Wall x5 |
| 13:17 | hurm0k [PT] · age_up feudal |
| 13:18 | Asmo · wall_segment Palisade Wall x1 |
| 13:22 | Buhr · age_up feudal |
| 13:39 | Koby · age_up feudal |
| 14:07 | Asmo · wall_segment Palisade Wall x1 |
| 14:08 | Ramci · age_up feudal |
| 14:11 | Asmo · wall_segment Palisade Wall x1 |
| 14:11 | Asmo · wall_segment Palisade Wall x1 |
| 14:51 | Koby · wall_segment Palisade Wall x7 |
| 15:19 | Buhr · wall_segment Palisade Wall x8 |
| 15:19 | Ramci · first_market_buy 100 food |
| 15:24 | Buhr · wall_segment Palisade Wall x5 |
| 15:25 | Buhr · wall_segment Palisade Wall x4 |
| 15:56 | N1ls · age_up feudal |
| 16:08 | Asmo · wall_segment Palisade Wall x1 |
| 16:30 | N1ls · wall_segment Palisade Wall x1 |
| 16:32 | N1ls · wall_segment Palisade Wall x1 |
| 16:42 | Asmo · age_up castle |
| 16:44 | Sergeantmilan97 · wall_segment Palisade Wall x1 |
| 17:01 | Sergeantmilan97 · wall_segment Palisade Wall x6 |
| 17:18 | Koby · age_up castle |
| 17:19 | Asmo · first_building Castle |
| 17:26 | N1ls · first_market_sell 100 food |
| 17:30 | Koby · first_building Castle |
| 17:30 | N1ls · first_market_buy 100 wood |
| 17:44 | Koby · wall_segment Palisade Wall x1 |
| 17:48 | Koby · wall_segment Palisade Wall x1 |
| 18:05 | Ramci · age_up castle |
| 18:10 | Koby · wall_segment Palisade Wall x3 |
| 18:14 | Buhr · wall_segment Palisade Wall x3 |
| 18:15 | Buhr · wall_segment Palisade Wall x9 |
| 18:21 | Buhr · wall_segment Stone Wall x3 |
| 18:29 | hurm0k [PT] · first_building Barracks |
| 18:44 | Buhr · wall_segment Palisade Wall x8 |
| 18:45 | Buhr · wall_segment Palisade Wall x9 |
| 19:02 | Sergeantmilan97 · first_market_buy 100 stone |
| 19:10 | Sergeantmilan97 · first_building Castle |
| 19:19 | Koby · first_market_buy 100 food |
| 20:27 | Asmo · first_market_sell 100 wood |
| 20:28 | Buhr · first_building Barracks |
| 20:41 | hurm0k [PT] · age_up castle |
| 20:57 | mikeymazko · age_up castle |
| 20:57 | N1ls · age_up castle |
| 21:47 | Ramci · first_market_sell 100 wood |
| 22:37 | Buhr · age_up castle |
| 22:37 | Asmo · first_building Barracks |
| 22:45 | N1ls · first_building Castle |
| 22:52 | N1ls · wall_segment Stone Wall x1 |
| 22:58 | N1ls · wall_segment Stone Wall x11 |
| 23:00 | mikeymazko · first_market_buy 100 stone |
| 23:01 | mikeymazko · first_market_sell 100 wood |
| 24:10 | N1ls · wall_segment Stone Wall x8 |
| 24:12 | mikeymazko · first_building Castle |
| 24:16 | mikeymazko · wall_segment Palisade Wall x1 |
| 24:17 | mikeymazko · wall_segment Palisade Wall x1 |
| 24:23 | mikeymazko · wall_segment Palisade Wall x1 |
| 24:26 | N1ls · wall_segment Stone Wall x3 |
| 24:29 | N1ls · wall_segment Stone Wall x5 |
| 24:29 | mikeymazko · wall_segment Palisade Wall x1 |
| 24:31 | mikeymazko · wall_segment Palisade Wall x1 |
| 24:32 | mikeymazko · wall_segment Palisade Wall x1 |
| 24:42 | Asmo · first_building Stable |
| 24:59 | N1ls · wall_segment Stone Wall x5 |
| 25:01 | N1ls · wall_segment Stone Wall x8 |
| 25:33 | hurm0k [PT] · first_building Stable |
| 25:48 | Buhr · first_building Archery Range |
| 26:07 | mikeymazko · first_building Siege Workshop |
| 26:43 | Sergeantmilan97 · resign |
[ ANÁLISIS IA · 1 CRÉDITO ]
¿Qué pasó realmente en esta partida?
Wolo.gg analiza cada decisión: build order, eco, micro, errores típicos por bracket. Análisis personalizado por WhatsApp o Discord en 30 segundos.
Guía civ
Wei
Perfil
Jugador #22380827